 Dungeon Crawl Stone Soup version 0.28.0 (webtiles) character file.

Game seed: 18161654267105410760

263 a3don the Chopper (level 5, -9/45 (47) HPs)
             Began as a Minotaur Fighter on Feb 7, 2022.
             Mangled by a wight (14 damage)
             ... on level 3 of the Dungeon.
             The game lasted 00:03:12 (2122 turns).

a3don the Chopper (Minotaur Fighter)                Turns: 2122, Time: 00:03:13

HP:   -9/45 (47)    AC: 10    Str: 20    XL:     5   Next: 98%
MP:   4/4           EV:  9    Int:  7    God:
Gold: 79            SH:  4    Dex: 10    Spells: 4/4 levels left

rFire   x . .      SeeInvis .   a - +0 war axe
rCold   + + .      Faith    .   c - +0 buckler
rNeg    . . .      Spirit   .   h - +0 ice dragon scales
rPois   .          Reflect  .   (helmet restricted)
rElec   .          Harm     .   (no cloak)
rCorr   .          Rampage  .   (no gloves)
Will    .....                   (no boots)
Stlth   ..........              (no amulet)
HPRegen 0.15/turn               (no ring)
MPRegen 0.09/turn               (no ring)

@: mighty, lightly drained
A: horns 2, retaliatory headbutt
a: no special abilities


You were on level 3 of the Dungeon.
You visited 1 branch of the dungeon, and saw 3 of its levels.

You collected 79 gold pieces.

Inventory:

Hand Weapons
 a - a +0 war axe (weapon)
Missiles
 f - 4 boomerangs (quivered)
 i - 13 poisoned darts
Armour
 b - a +0 scale mail
 c - a +0 buckler (worn)
 h - +0 ice dragon scales (worn)
Scrolls
 e - 2 scrolls of identify {unknown}
Potions
 d - a potion of might
 g - a potion of curing {unknown}
 j - a potion of heal wounds {unknown}


   Skills:
 + Level 4.6 Fighting
 + Level 5.3 Axes
 + Level 4.8 Armour
 + Level 1.1 Dodging
 + Level 0.1 Stealth
 + Level 4.4 Shields


You had 4 spell levels left.
You didn't know any spells.
Your spell library contained the following spells:

 Spells                   Type           Power      Damage    Failure   Level
 Alistair's Intoxication  Tmut/Pois      0%         N/A       100%        5
 Borgnjor's Vile Clutch   Necr/Erth      0%         N/A       100%        5
 Eringya's Noxious Bog    Tmut/Pois      0%         N/A       100%        6


Dungeon Overview and Level Annotations

Branches:
Dungeon (3/15)

Altars:

Shops:
D:2 *


Innate Abilities, Weirdness & Mutations

You have a pair of horns on your head.
You reflexively headbutt those who attack you in melee.


Message History

You feel drained.
You hit the wight but do no damage.
The wight is lightly damaged.
The wight hits you with a +0 great sword.
You hit the wight.
You headbutt the wight, but do no damage.
The wight is lightly damaged.
You barely miss the wight. You block the wight's attack. x2
The wight hits you with a +0 flail.
You hit the wight.
The wight is heavily damaged.
You closely miss the wight. The wight closely misses you. x2
You hit the wight but do no damage.
The wight is heavily damaged.
You hit the wight but do no damage. You block the wight's attack.
The wight hits you with a +0 flail. The wight hits you but does no damage.
You hit the wight.
The wight is heavily damaged.
You closely miss the wight. The wight hits you with a +0 flail.
The wight barely misses you.
You hit the wight but do no damage. You headbutt the wight!
You destroy the wight!
You barely miss the wight. You block the wight's attack.
Your life force feels restored.
You hit the wight but do no damage.
You headbutt the wight, but do no damage.
The wight barely misses you.
You hit the wight but do no damage.
You headbutt the wight, but do no damage.
The wight hits you with a +0 great sword!
* * * LOW HITPOINT WARNING * * *
You feel drained.
* * * LOW HITPOINT WARNING * * *
The wight barely misses you.
Sorry, you're not good enough to have a special ability.
Sorry, you're not good enough to have a special ability.
You aren't carrying any items that you can evoke.
You feel very mighty all of a sudden.
The wight hits you with a +0 great sword!
You die...

...... # ..... # #
....# .##### # ....#
..... #
#+#..######...# # #
#.#...........# ##
#.##.#.†##.z....?# .##
#......).#)#@....#
..#####........#.....#
........#...####.....#
..####..#............#
..#..#..#.#.#######..#
..#).#..#............#
.##'##.###..########.#
.#...#.# #..#...<....#
.#)..#.# #..#.......


You could see a wight.

Vanquished Creatures
  2 wights (D:3)
  An orc priest (D:3)
  Jessica (D:2)
  An orc wizard (D:3)
  An adder (D:2)
  3 worms (D:2)
  6 orcs (D:3)
  8 bats
  5 endoplasms
  2 giant cockroaches (D:1)
  8 goblins
  10 hobgoblins
  4 quokkas
  3 ball pythons
  3 frilled lizards
  9 kobolds
  3 rats
70 creatures vanquished.

Vanquished Creatures (others)
  A plant (D:3)
1 creature vanquished.

Grand Total: 71 creatures vanquished

Notes
Turn   | Place    | Note
-------+----------+-------------------------------------------
     0 | D:1      | a3don the Minotaur Fighter began the quest for the Orb.
     0 | D:1      | Reached XP level 1. HP: 19/19 MP: 0/0
   138 | D:1      | Reached XP level 2. HP: 27/27 MP: 1/1
   826 | D:2      | Found Viqaos's Assorted Antiques.
   859 | D:2      | Reached XP level 3. HP: 33/33 MP: 2/2
   888 | D:2      | Reached skill level 3 in Axes
   938 | D:2      | Noticed Jessica
   950 | D:2      | Killed Jessica
   951 | D:2      | Reached XP level 4. HP: 29/41 MP: 3/3
  1714 | D:3      | Reached skill level 4 in Axes
  1715 | D:3      | Reached skill level 1 in Dodging
  1724 | D:3      | Reached XP level 5. HP: 18/47 MP: 4/4
  2109 | D:3      | Reached skill level 5 in Axes
  2122 | D:3      | Mangled by a wight

Illustrated notes

Levels and vault maps discovered:
D:1:      dpeg_chamrin_arrival_tetris, layout_basic
D:2:      layout_loops_ring, serial_shops, shop, uniq_jessica
D:3:      corexii_shack_village, layout_basic,
          hellmonk_ecumenical_altar_zigzags, gup_sewer_entry_bubbles

Skill      XL: |  1  2  3  4  5 |
---------------+----------------+-----
Fighting       | 4 |  4.6
Shields        | 4 |  4.4
Armour         | 4 |  4.8
Axes           | 3 4 5 |  5.3
Dodging        | 1 |  1.1
Stealth        | |  0.1

Action                   |  1- 3 |  4- 6 || total
-------------------------+-------+-------++-------
Melee: War axe           |    68 |    80 ||   148
       Headbutt          |     7 |    14 ||    21
  Use: Potion            |       |     1 ||     1
Armor: Scale mail        |    27 |     8 ||    35
       Ice dragon scales |       |    20 ||    20
Dodge: Dodged            |    36 |    22 ||    58
Block: Buckler           |    19 |    20 ||    39
